 Dungeon Crawl Stone Soup version 0.31-a0-221-gbddc013574 (webtiles) character file.

Game seed: 5387846819927437103

941 qw the Skirmisher (level 7, -1/61 HPs)
             Began as a Minotaur Hexslinger on July 4, 2023.
             Was an Initiate of Okawaru.
             Slain by a jelly (2 damage)
             ... on level 6 of the Dungeon.
             The game lasted 00:01:45 (4368 turns).

qw the Skirmisher (Minotaur Hexslinger)             Turns: 4368, Time: 00:01:46

Health: -1/61      AC:  3    Str: 12    XL:     7   Next: 88%
Magic:  7/7        EV: 11    Int: 10    God:    Okawaru [......]
Gold:   304        SH:  5    Dex: 15    Spells: 7/8 levels left

rFire   + . .        Y - +8 sling
rCold   . . .        (no shield)
rNeg    + . .        j - +2 ring mail {rN+}
rPois   .            (helmet restricted)
rElec   .            (no cloak)
rCorr   .            (no gloves)
SInv    .            (no boots)
Will    .....        f - amulet of reflection
Stlth   +            m - ring of protection from fire
HPRegen 0.30/turn    b - ring of protection from fire
MPRegen 0.10/turn

%: reflection
@: corroded
A: horns 2, retaliatory headbutt, hooves 1, heat vulnerability 1
a: Renounce Religion


You were on level 6 of the Dungeon.
You worshipped Okawaru.
Okawaru was noncommittal.
You visited 2 branches of the dungeon, and saw 7 of its levels.

You collected 304 gold pieces.


Innate Abilities, Weirdness & Mutations

You have a pair of horns on your head.
You reflexively headbutt those who attack you in melee.
You have large cloven feet.
You are vulnerable to heat. (rF-)


   Skills:
 - Level 5.0 Fighting
 - Level 9.0 Ranged Weapons
 + Level 1.0 Armour
 - Level 2.1 Dodging
 - Level 1.0 Spellcasting
 - Level 2.0 Hexes


You had 7 spell levels left.
You knew the following spells:

 Your Spells              Type           Power      Damage    Failure   Level
a - Slow                  Hex            16%        N/A       34%         1

Your spell library contained the following spells:

 Spells                   Type           Power      Damage    Failure   Level
 Inner Flame              Hex/Fire       2%         N/A       83%         3
 Portal Projectile        Hex/Tloc       4%         N/A       83%         3
 Cause Fear               Hex            2%         N/A       98%         4

Inventory:

Hand Weapons
 Y - a +8 sling (weapon)
Armour
 j - a +2 ring mail of positive energy (worn)
Jewellery
 b - a ring of protection from fire (right hand)
 f - an amulet of reflection (around neck)
 m - a ring of protection from fire (left hand)
Scrolls
 d - 2 scrolls of enchant armour
 k - a scroll of identify
Potions
 a - a potion of enlightenment
 e - 8 potions of curing
 h - 2 potions of mutation
 i - a potion of might

Dungeon Overview and Level Annotations

Branches:
Dungeon (6/15)             Temple (1/1) D:5

Altars:
Cheibriados
Dithmenos
Elyvilon
Gozag
Hepliaklqana
Kikubaaqudgha
Makhleb
Okawaru
Qazlal
Ru
Sif Muna
Trog
Uskayaw
Wu Jian
Xom
Zin
The Shining One

Annotations:
D:3 1 runed translucent door, Crazy Yiuf


Message History

The steam dragon claws you but does no damage.
A jelly comes into view.
You shoot a sling bullet.
The sling bullet barely misses the steam dragon.
The steam dragon bites you. The steam dragon barely misses you.
You shoot a sling bullet. The sling bullet hits the steam dragon!
The steam dragon is severely wounded.
The steam dragon breathes steam at you. The ball of steam hits you. You resist.
An ogre comes into view. It is wielding a +0 giant spiked club.
The steam dragon bites you! The steam dragon closely misses you.
You shoot a sling bullet.
The sling bullet hits the steam dragon but does no damage.
The steam dragon is severely wounded.
You block the steam dragon's attack.
The steam dragon claws you but does no damage.
You shoot a sling bullet. The sling bullet hits the steam dragon.
The steam dragon is almost dead.
The steam dragon breathes steam at you. The ball of steam hits you. You resist.
You shoot a sling bullet. The sling bullet hits the steam dragon.
The steam dragon is almost dead.
The steam dragon misses you. The steam dragon claws you.
You shoot a sling bullet. The sling bullet hits the steam dragon!
You kill the steam dragon!
Okawaru accepts your kill.
The steam dragon scales are intact enough to wear.
You block the jelly's attack.
Your Ranged Weapons skill increases to level 9!
You shoot a sling bullet. The sling bullet hits the ogre.
The ogre is moderately wounded.
The ogre completely misses you. The jelly hits you but does no damage.
You shoot a sling bullet. The sling bullet hits the ogre!
The ogre is heavily wounded.
The jelly hits you. The acid corrodes you!
You are splashed with acid!
You block the ogre's attack.
You shoot a sling bullet. The sling bullet hits the ogre.
The ogre is severely wounded.
The jelly hits you.
You die...

.##.......##
..##.......#
...........##
............# #
............#######.#
........##>.##....#.###
#%...........#........#
#...................##
............#.##@..##
............###JO.##
#...........# #..##
#...........# ...#
#......)...).#
#.....#.......
...........). #.......


You could see an ogre and a jelly.

Vanquished Creatures
  A steam dragon (D:6)
  An ice beast (D:6)
  An ogre (D:4)
  4 scorpions
  A hound (D:4)
  2 orc priests (D:3)
  An iguana (D:6)
  Terence (D:3)
  2 orc wizards (D:3)
  8 adders
  2 ufetubi (D:5)
  2 worms
  2 dart slugs
  9 orcs
  9 bats
  3 endoplasms
  3 giant cockroaches
  6 goblins
  4 hobgoblins (D:1)
  15 jackals
  12 kobolds
  7 quokkas
  5 ball pythons
  A frilled lizard (D:2)
  9 rats
111 creatures vanquished.

Notes
Turn   | Place    | Note
-------+----------+-------------------------------------------
     0 | D:1      | qw the Minotaur Hexslinger began the quest for the Orb.
     0 | D:1      | Reached XP level 1. HP: 16/16 MP: 1/1
     0 | D:1      | 0 ||| qw: Version: 0.3-a-41-g9d075ac
     0 | D:1      | 0 ||| qw: Game counter: 740
     0 | D:1      | 0 ||| qw: Melee chars always use a shield: true
     0 | D:1      | 0 ||| qw: God list: Okawaru
     0 | D:1      | 0 ||| qw: Allow faded altars: false
     0 | D:1      | 0 ||| qw: Do Orc after clearing Dungeon:15 true
     0 | D:1      | 0 ||| qw: Do second Lair branch before Depths: true
     0 | D:1      | 0 ||| qw: Lair rune preference: random
     0 | D:1      | 0 ||| qw: Goals: Normal
     0 | D:1      | 0 ||| PLANNING D:1-11
   119 | D:1      | Reached skill level 3 in Ranged Weapons
   120 | D:1      | Reached XP level 2. HP: 23/23 MP: 2/2
   357 | D:1      | Reached XP level 3. HP: 29/29 MP: 3/3
   703 | D:1      | 703 ||| UPGRADING to +0 ring mail.
   713 | D:1      | 713 ||| DROPPING +0 robe.
   714 | D:1      | 714 ||| UPGRADING to amulet of reflection.
   719 | D:1      | 719 ||| READING scroll labelled AMOGIAS OSASM.
   720 | D:1      | 720 ||| DRINKING 2 cyan potions.
   721 | D:1      | 721 ||| DRINKING 2 fuming grey potions.
   722 | D:1      | 722 ||| DROPPING scroll of poison.
   768 | D:2      | Found an opulent altar of Gozag.
   827 | D:2      | Reached skill level 4 in Ranged Weapons
   901 | D:2      | Reached skill level 1 in Armour
   939 | D:2      | 939 ||| FLEEEEING.
   940 | D:2      | 940 ||| FLEEEEING.
   948 | D:2      | 948 ||| FLEEEEING.
   949 | D:2      | 949 ||| FLEEEEING.
   950 | D:2      | 950 ||| FLEEEEING.
   953 | D:2      | 953 ||| FLEEEEING.
  1254 | D:2      | Reached XP level 4. HP: 36/36 MP: 4/4
  1280 | D:2      | 1280 ||| DRINKING 2 pink potions.
  1339 | D:3      | Noticed Terence
  1362 | D:3      | Killed Terence
  1483 | D:3      | Found an opulent altar of Gozag.
  1514 | D:3      | Reached skill level 5 in Ranged Weapons
  1530 | D:3      | Reached XP level 5. HP: 40/44 MP: 5/5
  1535 | D:3      | Reached skill level 3 in Fighting
  1631 | D:3      | Found a hide-covered altar of Uskayaw.
  1667 | D:3      | Found a runed translucent door.
  1668 | D:3      | Noticed Crazy Yiuf
  1829 | D:3      | Found a hazy altar of Hepliaklqana.
  1831 | D:3      | Found a shimmering blue altar of Sif Muna.
  2102 | D:3      | Reached skill level 6 in Ranged Weapons
  2327 | D:3      | 2327 ||| UPGRADING to +2 ring mail of positive energy.
  2337 | D:3      | 2337 ||| DROPPING +0 ring mail.
  2338 | D:3      | 2338 ||| UPGRADING to ring of protection from fire.
  2339 | D:3      | 2339 ||| READING scroll labelled GAIGOS CATUA.
  2340 | D:3      | 2340 ||| READING scroll labelled XUOFOON LONEU.
  2341 | D:3      | 2341 ||| READING scroll labelled XEL AVIHOTAO.
  2342 | D:3      | 2342 ||| READING scroll labelled GOQ UNETWEKA.
  2443 | D:3      | 2443 ||| DRINKING 2 grey potions.
  2444 | D:3      | 2444 ||| DRINKING 2 black potions.
  2445 | D:3      | 2445 ||| DROPPING potion of attraction.
  2446 | D:3      | 2446 ||| DROPPING potion of degeneration.
  2757 | D:4      | Reached XP level 6. HP: 51/51 MP: 6/6
  3037 | D:4      | 3037 ||| SWAPPING to +4 sling.
  3109 | D:4      | 3109 ||| DROPPING +1 sling of flaming.
  3242 | D:4      | Found a sacrificial altar of Ru.
  3452 | D:4      | 3452 ||| READING scroll labelled CEVOEMM VYLUIS.
  3453 | D:4      | 3453 ||| READING 3 scrolls labelled XOYMINLATA.
  3454 | D:4      | 3454 ||| READING 2 scrolls of enchant weapon.
  3454 | D:4      | 3454 ||| ENCHANTING +5 sling.
  3455 | D:4      | 3455 ||| READING scroll of enchant weapon.
  3455 | D:4      | 3455 ||| ENCHANTING +6 sling.
  3456 | D:4      | 3456 ||| DRINKING 3 lumpy red potions.
  3456 | D:4      | Gained mutation: Your flesh is cold resistant. (rC+)
                  | [potion of mutation]
  3456 | D:4      | Gained mutation: You do not regenerate when monsters are
                  | visible. [potion of mutation]
  3457 | D:4      | 3457 ||| DRINKING 2 potions of mutation.
  3457 | D:4      | Lost mutation: You do not regenerate when monsters are
                  | visible. [potion of mutation]
  3457 | D:4      | Lost mutation: Your flesh is cold resistant. (rC+) [potion
                  | of mutation]
  3457 | D:4      | Gained mutation: You are vulnerable to heat. (rF-) [potion
                  | of mutation]
  3457 | D:4      | Gained mutation: You have large cloven feet. [potion of
                  | mutation]
  3458 | D:4      | 3458 ||| READING 2 scrolls of identify.
  3458 | D:4      | 3458 ||| IDENTIFYING glowing ruby potion
  3459 | D:4      | 3459 ||| DROPPING potion of invisibility.
  3476 | D:5      | Entered Level 5 of the Dungeon
  3662 | D:5      | Reached skill level 7 in Ranged Weapons
  3674 | D:5      | Found a staircase to the Ecumenical Temple.
  3675 | D:5      | 3675 ||| PLANNING TEMPLE
  3675 | D:5      | 3675 ||| UPGRADING to ring of protection from fire.
  3682 | Temple   | Entered the Ecumenical Temple
  3814 | Temple   | 3814 ||| PLANNING OKAWARU WORSHIP
  3883 | Temple   | Became a worshipper of Warmaster Okawaru
  3884 | Temple   | 3884 ||| PLANNING D:1-11
  4008 | D:5      | Found a glowing silver altar of Zin.
  4128 | D:5      | 4128 ||| READING scroll labelled ABATSEARCHA.
  4161 | D:6      | Reached XP level 7. HP: 58/60 MP: 7/7
  4216 | D:6      | 4216 ||| READING scroll of enchant weapon.
  4216 | D:6      | 4216 ||| ENCHANTING +7 sling.
  4310 | D:6      | Reached skill level 8 in Ranged Weapons
  4350 | D:6      | Noticed a steam dragon
  4361 | D:6      | HP: 15/61 [steam dragon (9)]
  4365 | D:6      | Killed a steam dragon
  4366 | D:6      | Reached skill level 9 in Ranged Weapons
  4367 | D:6      | HP: 8/61 [jelly (3)]
  4367 | D:6      | HP: 1/61 [acid (7)]
  4368 | D:6      | Slain by a jelly

Levels and vault maps discovered:
D:1:      psy_arrival_radial01, layout_rooms
D:2:      layout_basic, basic_altar, minmay_cupped
D:3:      layout_loops_ring, mainiacjoe_overflow_alcove_1,
          nicolae_gozag_cash_rules_everything_around_me,
          gammafunk_temple_overflow_pools, minmay_misc_feat_more_columns,
          minmay_diced_spiral, uniq_crazy_yiuf_cottage, uniq_terence
D:4:      layout_basic, nicolae_ru_the_path_less_chosen, lightli_corner_chamber
D:5:      layout_basic, zin_statuary, minmay_temple_entry_slanted
D:6:      layout_cave_pools, nicolae_overflow_hidden_temple
Temple:   grunt_temple_mini_profane

Skill      XL: |  1  2  3  4  5  6  7 |
---------------+----------------------+-----
Ranged Weapons | 3 4 5 6 7 9 |  9.0
Fighting       | 2 3 4 5 |  5.0
Armour         | 1 |  1.0
Dodging        | |  2.1
Spellcasting   | |  1.0
Hexes          | |  2.0

Action                     |  1- 3 |  4- 6 |  7- 9 || total
---------------------------+-------+-------+-------++-------
   Fire: Sling             |   164 |   192 |    46 ||   402
    Use: Potion            |     2 |     5 |       ||     7
         Scroll            |     1 |    10 |     1 ||    12
 Armour: Robe              |    10 |       |       ||    10
         Ring mail         |     6 |    38 |     8 ||    52
  Dodge: Dodged            |    49 |    52 |    13 ||   114
  Block: Other             |     5 |    39 |     7 ||    51

Table legend:
 A = Non-vault XP
 B = Vault XP
 C = Vault XP percentage of total XP
 D = Non-vault monster count
 E = Vault monster count
 F = Vault count percentage of total count
                 A         B        C        D         E       F
            +---------+---------+-------+---------+---------+-------
      Total |    1284 |      61 |   4.5 |     103 |       8 |   7.2
            +---------+---------+-------+---------+---------+-------
        D:1 |      53 |       0 |   0.0 |      31 |       0 |   0.0
        D:2 |      42 |       2 |   4.5 |      22 |       2 |   8.3
        D:3 |     194 |      59 |  23.3 |      24 |       6 |  20.0
        D:4 |     201 |       0 |   0.0 |       9 |       0 |   0.0
        D:5 |     147 |       0 |   0.0 |       7 |       0 |   0.0
        D:6 |     647 |       0 |   0.0 |      10 |       0 |   0.0
            +---------+---------+-------+---------+---------+-------
